 Dungeon Crawl Stone Soup version 0.31-a0-175-g9f7f995f2b (webtiles) character file.

Game seed: 2226628636571135089

3544 pokeman the Thaumaturge (level 9, -7/50 HPs)
             Began as a Deep Elf Hedge Wizard on June 16, 2023.
             Mangled by a yak (12 damage)
             ... on level 8 of the Dungeon.
             The game lasted 00:21:14 (9064 turns).

pokeman the Thaumaturge (Deep Elf Hedge Wizard)     Turns: 9064, Time: 00:21:14

Health: -7/50      AC:  9    Str:  7    XL:     9   Next: 82%
Magic:  11/27      EV: 17    Int: 24    God:
Gold:   307        SH:  0    Dex: 14    Spells: 24/32 levels left

rFire   + . .        D - +3 quarterstaff (chaos)
rCold   . . .        (shield currently unavailable)
rNeg    . . .        G - +2 leather armour {rF+}
rPois   .            c - +0 hat
rElec   .            E - +2 cloak
rCorr   .            (no gloves)
SInv    .            F - +0 pair of boots
Will    .....        (no amulet)
Stlth   ++           j - ring of wizardry
HPRegen 0.28/turn    J - +5 ring of evasion
MPRegen 0.20/turn

%: wizardry (x1)
@: no status effects
A: no striking features
a: no special abilities


You were on level 8 of the Dungeon.
You visited 2 branches of the dungeon, and saw 9 of its levels.
You also visited: Sewer.

You collected 307 gold pieces.

Inventory:

Hand Weapons
 a - a +0 dagger
 D - a +3 quarterstaff of chaos (weapon)
Armour
 b - a +0 robe
 c - a +0 hat (worn)
 k - the +4 ring mail of the Insatiable Ghosts {Will+}
   (You found it on level 2 of the Dungeon)

   Will:      It increases your willpower.
 l - the +0 leather armour of Tempters {Str+4 Dex-4}
   (You found it on level 3 of the Dungeon)

   Str:       It affects your strength (+4).
   Dex:       It affects your dexterity (-4).
 E - a +2 cloak (worn)
 F - a +0 pair of boots (worn)
 G - a +2 leather armour of fire resistance (worn)
 M - a +1 robe of cold resistance
Magical Staves
 z - a staff of cold
Jewellery
 j - a ring of wizardry (left hand)
 u - a ring of positive energy
 v - a ring of ice
 x - a +6 ring of dexterity
 J - a +5 ring of evasion (right hand)
Wands
 L - a wand of polymorph (8)
 N - a wand of charming (26)
Scrolls
 f - 3 scrolls of fog {unknown}
 g - 2 scrolls of immolation {unknown}
 h - 2 scrolls of acquirement {unknown}
 o - a scroll of vulnerability {unknown}
 p - 14 scrolls of identify {unknown}
 r - a scroll of blinking {unknown}
 y - a scroll of fear {unknown}
 A - 2 scrolls of enchant weapon {unknown}
 C - 2 scrolls of torment {unknown}
 H - 2 scrolls of teleportation {unknown}
 I - 2 scrolls of noise {unknown}
Potions
 d - a potion of magic
 e - 6 potions of heal wounds {unknown}
 i - 3 potions of curing {unknown}
 m - 4 potions of enlightenment {unknown}
 n - a potion of lignification {unknown}
 q - 2 potions of degeneration {unknown}
 s - 3 potions of ambrosia {unknown}
 t - a potion of berserk rage {unknown}
 w - a potion of cancellation {unknown}
 B - 2 potions of brilliance {unknown}
 K - a potion of mutation {unknown}


   Skills:
 - Level 3.0 Fighting
 + Level 3.6 Armour
 - Level 3.0 Dodging
 - Level 3.0 Stealth
 * Level 12.2 Spellcasting
 + Level 6.8 Conjurations
 - Level 2.0 Summonings
 - Level 1.1 Translocations
 + Level 5.8 Ice Magic
 - Level 1.0 Air Magic
 - Level 1.0 Poison Magic
 - Level 2.1 Evocations


You had 24 spell levels left.
You knew the following spells:

 Your Spells              Type           Power      Damage    Failure   Level
a - Magic Dart            Conj           100%       1d8       1%          1
b - Mephitic Cloud        Conj/Pois/Air  28%        N/A       2%          3
c - Call Imp              Summ           48%        N/A       1%          2
d - Blink                 Tloc           38%        N/A       2%          2

Your spell library contained the following spells:

 Spells                   Type           Power      Damage    Failure   Level
 Slow                     Hex            56%        N/A       2%          1
 Cigotuvi's Dreadful Rot  Necr/Pois/Air  34%        N/A       2%          2


Dungeon Overview and Level Annotations

Branches:
Dungeon (8/15)             Temple (1/1) D:7           Sewer (visited)
   Lair: D:8-11

Altars:
Ashenzari
Cheibriados
Elyvilon
Fedhas
Gozag
Hepliaklqana
Kikubaaqudgha
Makhleb
Nemelex Xobeh
Okawaru
Qazlal
Ru
Sif Muna
Trog
Wu Jian
Xom
Yredelemnul
Zin
The Shining One

Shops:
D:5 *([   D:6 =

Annotations:
D:8 Maurice


Message History

You are confused.
The yak is engulfed in noxious fumes.
The yak appears confused.
The yak is engulfed in noxious fumes.
Unknown command.
You feel less confused. The yak attacks as you move away! The yak gores you!
* * * LOW HITPOINT WARNING * * *
The yak barely misses you.
The yak gores itself!
You feel stable enough to blink again.
Casting: Blink (safe; 2% risk of failure)
Confirm with . or Enter, or press ? or * to list all spells.
You blink.
Casting: Blink (safe; 2% risk of failure)
Confirm with . or Enter, or press ? or * to list all spells.
Aiming: Mephitic Cloud (dangerous; 2% risk of failure)
Press: ? - help, Shift-Dir - straight line, f - yak
Aim: a yak (moderately wounded, chance to affect: 67%)
The ball explodes into a vile cloud!
The stinking cloud engulfs the yak but does no damage.
The yak is moderately wounded.
The stinking cloud engulfs the yak but does no damage.
The yak is severely wounded.
You hear a shout! x2
The yak is engulfed in noxious fumes.
Unknown command.
Unknown command.
Unknown command.
A gnoll sergeant comes into view. It is wielding a +0 trident.
The gnoll sergeant shouts!
The yak seems less confused.
Maurice the Thief comes into view.
He is wielding a +0 short sword, wearing a +0 cloak of willpower and carrying a wand of flame (27).
The yak is engulfed in noxious fumes.
The yak appears confused.
The yak gores the yak!
The yak is killed!
You feel stable enough to blink again.
The yak seems less confused.
Maurice zaps a wand.
The puff of flame misses you.
The yak is engulfed in noxious fumes.
The yak appears confused.
You see here a yak corpse.
The yak gores you!
You die...

#.@# #... ...##...
......## #....)# ##
...##....## #.####
.g........##.....##
##.).#Y......# .
#..†........## ....
##.@Y.).....##
.....#..<○○....###
........°°...###
...#.....○.....#
###.......##.#
#........# .#
........##....#
......... ##...
##........ ..#


You could see 2 yaks.

Vanquished Creatures
  Pikel (D:7)
  Prince Ribbit (D:5)
  4 yaks (D:8)
  A human (D:7)
  Menkaure (D:7)
  Edmund (D:5)
  A water moccasin (D:7)
  A sky beast (D:6)
  2 black bears (D:6)
  An ice beast (D:7)
  3 ogres
  A centaur (D:5)
  3 lemures (D:7)
  2 bullfrogs (D:7)
  4 scorpions
  4 jellies
  A howler monkey (D:6)
  2 hounds
  A gnoll bouda (D:6)
  2 iguanas
  5 gnolls (D:6)
  12 adders
  4 river rats (Sewer)
  An ufetubus (D:5)
  3 worms
  2 dart slugs
  5 orcs
  12 ball pythons
  6 endoplasms
  14 giant cockroaches
  9 goblins
  6 hobgoblins
  5 jackals
  4 quokkas
  4 bats
  10 frilled lizards
  A goblin zombie (D:7)
  A jackal skeleton (D:7)
  6 kobolds
  15 rats
162 creatures vanquished.

Vanquished Creatures (collateral kills)
  A gnoll sergeant (D:6)
  Crazy Yiuf (D:4)
  A river rat (Sewer)
  A worm (D:2)
4 creatures vanquished.

Grand Total: 166 creatures vanquished

Notes
Turn   | Place    | Note
-------+----------+-------------------------------------------
     0 | D:1      | pokeman the Deep Elf Hedge Wizard began the quest for the
                  | Orb.
     0 | D:1      | Reached XP level 1. HP: 10/10 MP: 7/7
   249 | D:1      | Reached XP level 2. HP: 15/15 MP: 7/9
   712 | D:1      | You fall into a shaft and drop 1 floor!
   743 | D:2      | Reached skill level 5 in Spellcasting
   921 | D:2      | Reached XP level 3. HP: 20/20 MP: 8/11
   925 | D:2      | Learned a level 3 spell: Mephitic Cloud
   928 | D:2      | Learned a level 2 spell: Call Imp
   931 | D:2      | Learned a level 2 spell: Blink
  1498 | D:2      | Found a sparkling altar of Nemelex Xobeh.
  1500 | D:2      | Reached skill level 1 in Armour
  1529 | D:2      | Reached skill level 1 in Fighting
  1811 | D:2      | Identified the +4 ring mail of the Insatiable Ghosts
                  | {Will+}
  1935 | D:2      | Reached XP level 4. HP: 14/25 MP: 1/13
  2217 | D:3      | Identified the +0 leather armour of Tempters {Str+4 Dex-4}
  2254 | D:3      | Found a glowing drain.
  2309 | Sewer    | Entered a sewer
  2680 | Sewer    | Reached skill level 6 in Spellcasting
  2769 | Sewer    | Reached XP level 5. HP: 23/29 MP: 7/15
  3347 | D:3      | Found a sacrificial altar of Ru.
  3686 | D:3      | Reached skill level 1 in Air Magic
  3889 | D:3      | Reached skill level 1 in Poison Magic
  4016 | D:4      | Reached XP level 6. HP: 34/34 MP: 2/17
  4520 | D:4      | Reached skill level 7 in Spellcasting
  4681 | D:4      | Found a runed translucent door.
  4682 | D:4      | Noticed Crazy Yiuf
  4703 | D:4      | Found Deneasas's Assorted Antiques.
  5333 | D:4      | Killed Crazy Yiuf
  5388 | D:5      | Entered Level 5 of the Dungeon
  5406 | D:5      | Found a blossoming altar of Fedhas.
  5415 | D:5      | Reached skill level 1 in Ice Magic
  5885 | D:5      | Noticed Edmund
  5966 | D:5      | Found a stormy altar of Qazlal.
  6013 | D:5      | Killed Edmund
  6014 | D:5      | Reached XP level 7. HP: 29/40 MP: 15/20
  6084 | D:5      | Found Utsimm's General Store.
  6164 | D:5      | Found Pibrebb's Antique Weapon Shop.
  6210 | D:5      | Found Ogekaps's Armour Shoppe.
  6256 | D:5      | Reached skill level 8 in Spellcasting
  6325 | D:5      | Noticed Prince Ribbit
  6343 | D:5      | Killed Prince Ribbit
  6504 | D:6      | Reached XP level 8. HP: 45/45 MP: 4/22
  6678 | D:6      | Found an opulent altar of Gozag.
  6693 | D:6      | Reached skill level 9 in Spellcasting
  6775 | D:6      | Found a snail-covered altar of Cheibriados.
  6843 | D:6      | Reached skill level 5 in Conjurations
  7246 | D:6      | Reached skill level 10 in Spellcasting
  7441 | D:6      | Found Geesurch's Jewellery Shop.
  7754 | D:7      | Noticed Pikel
  7779 | D:7      | Killed Pikel
  7780 | D:7      | Reached skill level 1 in Evocations
  7780 | D:7      | Reached XP level 9. HP: 36/50 MP: 19/25
  7862 | D:7      | Found a shimmering blue altar of Sif Muna.
  7992 | D:7      | Reached skill level 11 in Spellcasting
  8113 | D:7      | Found a runed translucent door.
  8141 | D:7      | Found a staircase to the Ecumenical Temple.
  8148 | Temple   | Entered the Ecumenical Temple
  8387 | D:7      | Noticed Menkaure
  8403 | D:7      | Killed Menkaure
  8404 | D:7      | Reached skill level 5 in Ice Magic
  8704 | D:7      | Found a basalt altar of Yredelemnul.
  9055 | D:8      | Reached skill level 12 in Spellcasting
  9062 | D:8      | Noticed Maurice
  9064 | D:8      | Mangled by a yak

Illustrated notes

Levels and vault maps discovered:
D:1:      lightli_arrival_windingriver, layout_rooms,
          chequers_serial_rivers_small_a, minmay_misc_feat_iff
D:2:      layout_basic, basic_altar
D:3:      layout_rooms, nicolae_ru_great_annihilating_truth,
          gup_sewer_entry_pipe, grunt_ministairs_15
D:4:      nicolae_cairo_tiling_very_big, layout_basic, serial_shops, shop,
          uniq_crazy_yiuf_cottage
D:5:      layout_basic, fedhas_bush_and_centaur_altar, kennysheep_mini,
          serial_shops, shop, shop, shop, uniq_prince_ribbit1, uniq_edmund
D:6:      layout_loops_ring, mainiacjoe_overflow_small_starburst,
          lemuel_doored_altar, serial_shops, shop,
          minmay_fractal_squares_diagonal_5
D:7:      layout_loops_ring, dk_yredelemnul_ordeal, mainiacjoe_overflow_catwalk,
          minmay_temple_entry_enclosed_plants, minmay_fountain_box,
          uniq_menkaure, uniq_pikel
D:8:      layout_cave_pools, lemuel_coloured_pillars_altar,
          hellmonk_lair_entry_icy, uniq_grum, uniq_maurice
Temple:   grunt_temple_mini_profane

Skill      XL: |  1  2  3  4  5  6  7  8  9 |
---------------+----------------------------+-----
Spellcasting   | 5 6 7 8 10 12 | 12.2
Armour         | 1 2 3 |  3.6
Fighting       | 1 2 3 |  3.0
Conjurations   | 2 3 4 5 6 |  6.8
Dodging        | 3 |  3.0
Stealth        | 3 |  3.0
Air Magic      | 1 |  1.0
Poison Magic   | 1 |  1.0
Summonings     | 2 |  2.0
Ice Magic      | 1 3 4 5 |  5.8
Evocations     | 1 2 |  2.1
Translocations | |  1.1

Action                     |  1- 3 |  4- 6 |  7- 9 || total
---------------------------+-------+-------+-------++-------
  Melee: Dagger            |    16 |    14 |       ||    30
         Quarterstaff      |       |    28 |    92 ||   120
   Cast: Magic Dart        |   112 |   196 |   118 ||   426
         Mephitic Cloud    |     2 |    10 |    25 ||    37
         Call Imp          |     1 |     3 |     7 ||    11
         Blink             |       |       |     2 ||     2
   Stab: Confused          |     1 |     3 |    14 ||    18
         Sleeping          |       |     2 |       ||     2
 Armour: Robe              |     7 |     3 |       ||    10
         Leather armour    |       |     3 |    38 ||    41
  Dodge: Dodged            |    30 |    45 |    63 ||   138

Table legend: (Time is in decaauts)
 A = Elapsed time spent in this place.
 B = Non-inter-level travel time spent in this place.
 C = Inter-level travel time spent in this place.
 D = Time resting spent in this place.
 E = Time spent auto-exploring this place.
 F = Levels seen in this place.
 G = Mean time per level.
                   A        B        C        D        E       F      G
               +--------+--------+--------+--------+--------+-----+--------+
         Total |   9155 |   8940 |    215 |    344 |   7155 |  10 |  915.5 |
       Dungeon |   7966 |   7788 |    178 |    267 |   6253 |   8 |  995.8 |
        Temple |    211 |    174 |     37 |      0 |    173 |   1 |  211.0 |
         Sewer |    976 |    976 |      0 |     77 |    729 |   1 |  976.0 |
               +--------+--------+--------+--------+--------+-----+--------+

Top non-repeatable levels by time:
     D:4: 1387 daAuts
     D:1: 1221 daAuts
     D:6: 1221 daAuts
     D:7: 1150 daAuts
     D:5: 1091 daAuts
     D:2: 988 daAuts
   Sewer: 976 daAuts
     D:3: 871 daAuts
  Temple: 211 daAuts
     D:8: 34 daAuts
